 Dungeon Crawl Stone Soup version 0.29-a0-275-g389c0b56f3 (webtiles) character file.

Game seed: 18251070201304072505

119 Anunax the Ruffian (level 4, -3/35 HPs)
             Began as a Draconian Transmuter on Mar 10, 2022.
             Killed by nerve-wracking pain
             ... invoked by Menkaure
              (6 damage)
             ... on level 4 of the Dungeon.
             The game lasted 00:07:10 (3222 turns).

Anunax the Ruffian (Draconian Transmuter)           Turns: 3222, Time: 00:07:11

Health: -3/35      AC:  5    Str: 14    XL:     4   Next: 73%
Magic:  7/8        EV: 12    Int: 13    God:
Gold:   288        SH:  0    Dex: 12    Spells: 7/8 levels left

rFire   . . .      SeeInvis .   f - +1 short sword (venom)
rCold   . . .      Faith    .   (no shield)
rNeg    + . .      Spirit   .   (body armour unavailable)
rPois   .          Reflect  .   (helmet currently unavailable)
rElec   .          Harm     .   (no cloak)
rCorr   .          Rampage  .   (no gloves)
Will    .....                   (boots currently unavailable)
Stlth   +.........              (no amulet)
HPRegen 0.11/turn               n - ring of positive energy
MPRegen 0.11/turn               (no ring)

@: appendages
A: horns 2, talons 2, AC +5, unfitting armour, cold-blooded
a: End Transformation


You were on level 4 of the Dungeon.
You had temporarily grown beastly horns and talons.
You visited 1 branch of the dungeon, and saw 5 of its levels.

You collected 288 gold pieces.

Inventory:

Hand Weapons
 b - a +0 short sword
 f - a +1 short sword of venom (weapon)
Jewellery
 n - a ring of positive energy (left hand)
Wands
 i - a wand of digging (5)
 p - a wand of iceblast (9)
Scrolls
 c - 3 scrolls of noise {unknown}
 d - a scroll of enchant armour {unknown}
 e - 3 scrolls of identify {unknown}
 j - 2 scrolls of vulnerability {unknown}
 m - a scroll of teleportation {unknown}
 o - 2 scrolls of enchant weapon {unknown}
 q - a scroll of immolation {unknown}
Potions
 a - 2 potions of lignification
 g - a potion of curing
 h - 2 potions of might {unknown}
 k - a potion of cancellation {unknown}
 l - 2 potions of attraction {unknown}


   Skills:
 + Level 1.5 Fighting
 + Level 1.3 Short Blades
 + Level 2.4 Dodging
 + Level 0.4 Stealth
 + Level 3.5 Unarmed Combat
 + Level 2.7 Spellcasting
 + Level 2.7 Transmutations


You had 7 spell levels left.
You knew the following spells:

 Your Spells              Type           Power      Damage    Failure   Level
a - Beastly Appendage     Tmut           16%        N/A       8%          1

Your spell library contained the following spells:

 Spells                   Type           Power      Damage    Failure   Level
 Wereblood                Tmut           8%         N/A       12%         2
 Spider Form              Tmut/Pois      5%         N/A       38%         3
 Ice Form                 Ice/Tmut       5%         N/A       80%         4


Dungeon Overview and Level Annotations

Branches:
Dungeon (5/15)
 Temple: D:4-7

Altars:
Fedhas

Annotations:
D:4 4 runed translucent doors, Menkaure


Innate Abilities, Weirdness & Mutations

You have temporarily grown beastly horns and talons.
Your plain brown scales are hard. (AC +5)
You cannot fit into any form of body armour.
You are cold-blooded and may be slowed by cold attacks.


Message History

You claw the ufetubus, but do no damage.
The ufetubus is severely wounded.
Your transformation is almost over.
The ufetubus hits you but does no damage.
The ufetubus barely misses you. The ufetubus misses you. x2
You barely miss the ufetubus. Your kick misses the ufetubus.
You headbutt the ufetubus.
You kill the ufetubus!
You now have 288 gold pieces (gained 10).
Your horns disappear.
Your talons disappear.
HP restored.
Found a large runed translucent door.
Found 20 stones.
Found a large runed translucent door.
The jelly quivers.
Found 14 stones.
The jelly quivers.
You see here 14 stones.
Found a falchion.
Menkaure, Prince of Dust comes into view.
Found 19 stones.
Found an escape hatch in the floor.
Found a stone staircase leading down.
Casting: Beastly Appendage (safe; 8% risk of failure)
Confirm with . or Enter, or press ? or * to list all spells.
You grow a pair of large bovine horns.
Your feet morph into talons.
You barely miss Menkaure.
You tail-slap Menkaure, but do no damage.
Menkaure breathes soot at you. Menkaure hits you!!
Ouch! That really hurt!
You hit Menkaure. Your headbutt misses Menkaure.
Menkaure is lightly damaged.
You hit Menkaure. You claw Menkaure. Your headbutt misses Menkaure.
Your tail-slap misses Menkaure.
Menkaure is heavily damaged.
Menkaure hits you!
* * * LOW HITPOINT WARNING * * *
Menkaure casts a spell at you. Pain shoots through your body!
You die...

.........###+# #+###..#
........## ##.# ..#####.#
#.. #....# #.. #....#
#....# #....## ####
#####.....######..######..
#...............@.M).....>
#......................##.
#......##########......#
#......# #.....># #......#
#......# #......# #......#
#......# #......# #......#
#...(..# #......#


You could see Menkaure.

Vanquished Creatures
  A hound (D:4)
  Terence (D:2)
  An adder (D:2)
  An ufetubus (D:4)
  2 dart slugs
  4 bats
  5 endoplasms
  A giant cockroach (D:2)
  3 goblins
  6 hobgoblins
  7 ball pythons
  2 frilled lizards
  6 kobolds
  8 rats
48 creatures vanquished.

Notes
Turn   | Place    | Note
-------+----------+-------------------------------------------
     0 | D:1      | Anunax the Draconian Transmuter began the quest for the
                  | Orb.
     0 | D:1      | Reached XP level 1. HP: 16/16 MP: 3/3
   214 | D:1      | Reached XP level 2. HP: 22/23 MP: 3/5
  1304 | D:2      | Reached XP level 3. HP: 22/28 MP: 3/6
  1412 | D:2      | Noticed Terence
  1427 | D:2      | Killed Terence
  1428 | D:2      | Reached skill level 1 in Short Blades
  1467 | D:2      | Found a faded altar of an unknown god.
  1604 | D:2      | Reached XP level 4. HP: 35/35 MP: 7/7
  2755 | D:3      | You fall into a shaft and drop 2 floors!
  2755 | D:5      | Entered Level 5 of the Dungeon
  2755 | D:5      | Noticed a centaur
  2755 | D:5      | Found a blossoming altar of Fedhas.
  3147 | D:4      | Found a large runed translucent door.
  3147 | D:4      | Found a large runed translucent door.
  3152 | D:4      | Noticed a kobold brigand
  3159 | D:4      | Found a large runed translucent door.
  3159 | D:4      | Found a large runed translucent door.
  3213 | D:4      | Noticed Menkaure
  3222 | D:4      | Killed from afar by Menkaure

Illustrated notes

Levels and vault maps discovered:
D:1:      nzn_arrival_depleted_hourglass, layout_basic, minmay_misc_feat_doors
D:2:      layout_basic, shapermc_ecumenical_altar_pompeii, uniq_terence
D:3:      layout_basic
D:4:      layout_basic, serial_shops, nicolae_shop_advertising_works
          [nicolae_subvault_shop_adworks], nicolae_shop_dragon_depot,
          minmay_hollow_rounded_squares, uniq_menkaure, uniq_blork_the_orc
D:5:      layout_cave_pools, fedhas_bush_and_centaur_altar, temple_hall

Skill      XL: |  1  2  3 |
---------------+----------+-----
Dodging        | 2 |  2.4
Short Blades   | 1 |  1.3
Fighting       | |  1.5
Stealth        | |  0.4
Unarmed Combat | |  3.5
Spellcasting   | |  2.7
Transmutations | |  2.7

Action                   |  1- 3 |  4- 6 || total
-------------------------+-------+-------++-------
Melee: Short sword       |    69 |    40 ||   109
       Unarmed           |     4 |       ||     4
       Kick              |    13 |    10 ||    23
       Headbutt          |     9 |     3 ||    12
       Tailslap          |     6 |     5 ||    11
       Punch             |     2 |     1 ||     3
 Cast: Beastly Appendage |    16 |    13 ||    29
 Stab: Sleeping          |     1 |       ||     1
Armor: Skin              |    15 |    13 ||    28
Dodge: Dodged            |    39 |    27 ||    66

Table legend: (Time is in decaauts)
 A = Elapsed time spent in this place.
 B = Non-inter-level travel time spent in this place.
 C = Inter-level travel time spent in this place.
 D = Time resting spent in this place.
 E = Time spent auto-exploring this place.
 F = Levels seen in this place.
 G = Mean time per level.
                   A        B        C        D        E       F      G
               +--------+--------+--------+--------+--------+-----+--------+
         Total |   3231 |   3216 |     15 |    378 |   2416 |   5 |  646.2 |
       Dungeon |   3231 |   3216 |     15 |    378 |   2416 |   5 |  646.2 |
               +--------+--------+--------+--------+--------+-----+--------+

Top non-repeatable levels by time:
     D:1: 1120 daAuts
     D:2: 990 daAuts
     D:3: 653 daAuts
     D:5: 270 daAuts
     D:4: 196 daAuts
